 Dungeon Sprint DCSS version 0.30.1-4-g462c640d31 (webtiles) character file.

Game seed: 3998833671447760788

18123 Heoruswealwe the Ninja (level 12, -14/68 HPs)
             Began as a Spriggan Artificer on Sept 12, 2023.
             Was an Initiate of Gozag.
             Killed from afar by a fire giant (35 damage)
             ... with a fireball
             ... in the Dungeon (Sprint I: "Red Sonja") on Sept 13, 2023.
             The game lasted 00:47:39 (2041 turns).

Heoruswealwe the Ninja (Spriggan Artificer)         Turns: 2041, Time: 00:47:41

Health: -14/68     AC:  7    Str:  8    XL:     12   Next: 24%
Magic:  13/13      EV: 35    Int: 14    God:    Gozag
Gold:   901        SH:  5    Dex: 25    Spells: 11/11 levels left

rFire   . . .        a - +3 dagger (freeze)
rCold   + . .        (no shield)
rNeg    + . .        c - +2 robe {rN+}
rPois   .            (helmet restricted)
rElec   .            f - +2 cloak {Will+}
rCorr   .            (gloves unavailable)
SInv    +            (boots unavailable)
Will    +++..        g - amulet "Botuwnes" {Reflect Contam Fly rC+ SH+5}
Stlth   ++++++++++   i - +6 ring of dexterity
HPRegen 0.31/turn    (no ring)
MPRegen 0.13/turn

%: no teleportation, reflection
@: gold aura, flying, very quick
A: very small, no large weapons, unfitting armour, see invisible, speed 3
a: Renounce Religion, Potion Petition, Call Merchant, Bribe Branch


You were in the Dungeon.
You worshipped Gozag.
Gozag was pleased with you.
You visited 1 branch You collected 6701 gold pieces.
You spent 4519 gold pieces at shops.
You donated 31 gold pieces to Zin.
You paid 1250 gold pieces to Gozag.

Inventory:

Hand Weapons
 a - a +3 dagger of freezing (weapon)
 b - a +1 rapier
Armour
 c - a +2 robe of positive energy (worn)
 f - a +2 cloak of willpower (worn)
Jewellery
 g - the amulet "Botuwnes" (around neck) {Reflect Contam Fly rC+ SH+5}
   (You bought it in a shop in the Dungeon)

   [amulet of reflection]

   It reflects blocked missile attacks.
   rC:        It protects you from cold.
   Fly:       It grants you flight.
   Contam:    It causes magical contamination when unequipped.
   SH:        It affects your SH (+5).
 i - a +6 ring of dexterity (left hand)
Wands
 d - a wand of charming (25)
 e - a wand of iceblast (7)
 m - a wand of flame (28) (quivered)
 q - a wand of quicksilver (7)
Scrolls
 l - a scroll of identify
 n - a scroll of enchant armour
Potions
 h - 4 potions of haste
 j - 2 potions of might
 k - 2 potions of resistance
 o - a potion of cancellation
 p - 11 potions of curing
 v - a potion of mutation
 w - a potion of invisibility
Miscellaneous
 y - a tin of tremorstones (2/2)
 A - a box of beasts


   Skills:
 + Level 10.4 Fighting
 + Level 13.3 Short Blades
 + Level 16.0 Dodging
 O Level 27 Stealth
 * Level 20.3 Evocations


You had 11 spell levels left.
You didn't know any spells.
Your spell library contained the following spells:

 Spells                   Type           Power      Damage    Failure   Level
 Blink                    Tloc           0%         N/A       41%         2
 Lesser Beckoning         Tloc           0%         N/A       41%         2
 Momentum Strike          Conj/Tloc      0%         3d8       41%         2


Dungeon Overview and Level Annotations

Branches:
Dungeon (1/1)

Altars:
Cheibriados
Dithmenos
Elyvilon
Fedhas
Gozag
Hepliaklqana
Kikubaaqudgha
Makhleb
Nemelex Xobeh
Okawaru
Qazlal
Ru
Sif Muna
Trog
Uskayaw
Vehumet
Wu Jian
Xom
Yredelemnul
Zin
The Shining One
Jiyva
Lugonu

Shops:
D [[(([=!?:==(!(*!*[([(((


Innate Abilities, Weirdness & Mutations

You are very small and have problems with some larger weapons.
You are too small for most types of armour.
You have supernaturally acute eyesight. (SInv)
You cover ground extremely quickly. (Speed+++)


Message History

Found 87 gold pieces and a scroll of fear.
The fire giant casts a spell at you.
The fireball explodes!
The fireball engulfs the fire giant!
The fire giant resists.
The fireball engulfs you!!!
Ouch! That really hurt!
The fire giant shouts!
You feel much better.
The fire giant points at you and mumbles some strange words.
The fireball explodes!
The fireball engulfs you!!!
Ouch! That really hurt!
* * * LOW HITPOINT WARNING * * *
You feel much better. The fire giant casts a spell at you.
The fireball explodes!
The fireball engulfs you!
Aiming: Iceblast
Press: ? - help, Shift-Dir - straight line, f - fire giant
Aim: a fire giant, wielding a +0 great sword of flaming (lightly wounded)
The mass of ice explodes!
The iceblast engulfs the fire giant!!
The fire giant is heavily wounded.
The fire giant casts a spell at you.
The bolt of fire hits the fire giant.
The fire giant resists.
The bolt of fire misses you.
Aiming: Iceblast
Press: ? - help, Shift-Dir - straight line, f/p - fire giant
Aim: a fire giant, wielding a +0 great sword of flaming (heavily wounded)
The mass of ice explodes!
The iceblast engulfs the fire giant!!!
You kill the fire giant!
The fire giant gestures at you while chanting.
The fireball explodes!
The fireball engulfs you!!
* * * LOW HITPOINT WARNING * * *
Your Dodging skill increases to level 16!
You feel much better. The fire giant casts a spell at you.
The bolt of fire hits the fire giant!
The fire giant resists.
The bolt of fire hits you!
The fire giant gestures at you while chanting.
The fireball explodes!
The fireball engulfs you!!
Ouch! That really hurt!
You die...
Your body crumbles into a pile of gold.

##'### #..###.#
##+#.. ##.'.#
#.##...# ##.§.§§
.###.# #..#+###
#..§§.. .∩##.# $$
##...# ##§.§§§.
####.# $$ $$ $###.#
#..§.§§. ..##§#
$$$$$$$$$#.# #....§=§
...+§# $$$$$$$$$#.#
##...... ####.#
$$$$$$####'# #......
...#§# $$$###@...#
##.....
..#+§#=?/#####$..####
##..).
?~####?...CC...###
##### ~~# $?...C#####
~## ?.... $$ ## ....
$$$ ###


$$$$$ $$$$ ∩∩# ## $$$$ ∩## ≈ You could see 2 fire giants.

Vanquished Creatures
  A golden dragon (D)
  A shadow dragon (D)
  A fire giant (D)
  A hydra (D)
  2 centaur warriors (D)
  Sonja (D)
  A deep troll (D)
  A lindwurm (D)
  An oklob plant (D)
  8 shining eyes (D)
  4 demonic crawlers (D)
  7 unseen horrors (D)
  2 kobold demonologists (D)
  A hornet (D)
  A slime creature (D)
  Sigmund (D)
  A yak (D)
  13 hogs (D)
  2 redbacks (D)
  7 floating eyes (D)
  An ogre (D)
  7 necrophages (D)
  8 jellies (D)
  Ijyb (D)
  A ballistomycete spore (D)
75 creatures vanquished.

Vanquished Creatures (others)
  A ballistomycete spore (D)
1 creature vanquished.

Grand Total: 76 creatures vanquished

Notes
Turn   | Place    | Note
-------+----------+-------------------------------------------
     0 | D        | Heoruswealwe the Spriggan Artificer began the quest for the
                  | Orb.
     0 | D        | Reached XP level 1. HP: 9/9 MP: 2/2
     1 | D        | Noticed Ijyb
     4 | D        | Killed Ijyb
     5 | D        | Reached skill level 9 in Stealth
     5 | D        | Reached XP level 2. HP: 14/14 MP: 3/3
    15 | D        | Noticed an ogre
    18 | D        | Killed an ogre
    19 | D        | Reached skill level 14 in Stealth
    19 | D        | Reached XP level 3. HP: 17/17 MP: 4/4
    19 | D        | Reached XP level 4. HP: 21/21 MP: 5/5
    27 | D        | Noticed Sigmund
    30 | D        | Killed Sigmund
    31 | D        | Reached skill level 18 in Stealth
    31 | D        | Reached XP level 5. HP: 25/25 MP: 6/6
    31 | D        | Reached XP level 6. HP: 29/29 MP: 7/7
    43 | D        | Found an ornate altar of the Wu Jian Council.
    43 | D        | Found a shimmering blue altar of Sif Muna.
    45 | D        | Found a radiant altar of Vehumet.
    50 | D        | Reached skill level 19 in Stealth
    78 | D        | Found Zybirphix's Weapon Emporium.
    78 | D        | Found an ancient bone altar of Kikubaaqudgha.
    78 | D        | Found a hazy altar of Hepliaklqana.
    78 | D        | Found a stormy altar of Qazlal.
    78 | D        | Found a hide-covered altar of Uskayaw.
    78 | D        | Found a blossoming altar of Fedhas.
    78 | D        | Found a bloodstained altar of Trog.
    78 | D        | Found an iron altar of Okawaru.
    78 | D        | Found a basalt altar of Yredelemnul.
    78 | D        | Found a glowing golden altar of the Shining One.
    78 | D        | Found a snail-covered altar of Cheibriados.
    78 | D        | Found a sacrificial altar of Ru.
    78 | D        | Found a glowing silver altar of Zin.
    78 | D        | Found a shadowy altar of Dithmenos.
    78 | D        | Found a white marble altar of Elyvilon.
    78 | D        | Noticed a yak
    79 | D        | Found an opulent altar of Gozag.
    80 | D        | Killed a yak
    81 | D        | Reached skill level 21 in Stealth
    81 | D        | Found a sparkling altar of Nemelex Xobeh.
    86 | D        | Became a worshipper of Zin the Law-Giver
    86 | D        | Reached * piety under Zin
    86 | D        | Reached ** piety under Zin
    86 | D        | Reached *** piety under Zin
    86 | D        | Reached **** piety under Zin
    86 | D        | Reached ***** piety under Zin
    86 | D        | Reached ****** piety under Zin
    95 | D        | Noticed Sonja
    99 | D        | Killed Sonja
   100 | D        | Reached skill level 25 in Stealth
   100 | D        | Reached XP level 7. HP: 32/32 MP: 8/8
   116 | D        | Found Raijuz's Armour Boutique.
   127 | D        | Noticed a shining eye
   127 | D        | Noticed a shining eye
   127 | D        | Noticed a shining eye
   127 | D        | Noticed a shining eye
   127 | D        | Noticed a shining eye
   127 | D        | Noticed a shining eye
   130 | D        | Reached XP level 8. HP: 37/37 MP: 9/9
   130 | D        | Noticed a shining eye
   130 | D        | Noticed a shining eye
   133 | D        | Reached skill level 1 in Fighting
   133 | D        | Reached skill level 1 in Short Blades
   134 | D        | Killed a shining eye
   134 | D        | Paralysed by a floating eye for 3 turns
   135 | D        | Reached skill level 5 in Dodging
   138 | D        | Killed a shining eye
   139 | D        | Reached skill level 26 in Stealth
   142 | D        | Paralysed by a floating eye for 2 turns
   145 | D        | Killed a shining eye
   146 | D        | Reached skill level 5 in Short Blades
   146 | D        | Reached XP level 9. HP: 45/45 MP: 10/10
   150 | D        | Paralysed by a floating eye for 4 turns
   155 | D        | Killed a shining eye
   160 | D        | Killed a shining eye
   161 | D        | Reached skill level 5 in Fighting
   161 | D        | Paralysed by a floating eye for 4 turns
   195 | D        | Killed a shining eye
   196 | D        | Reached skill level 27 in Stealth
   212 | D        | Killed a shining eye
   213 | D        | Reached skill level 10 in Evocations
   213 | D        | Reached XP level 10. HP: 53/53 MP: 11/11
   232 | D        | Killed a shining eye
   233 | D        | Reached skill level 10 in Dodging
   249 | D        | Fell from the grace of Zin
   249 | D        | Became a worshipper of Gozag Ym Sagoz the Greedy
   257 | D        | Noticed a deep troll
   261 | D        | Killed a deep troll
   272 | D        | Found Xunkof's Armour Emporium.
   347 | D        | Found Fuax's Armour Shoppe.
   347 | D        | Found Jueradgh's Antique Armour Shop.
   347 | D        | Found Withri's Antique Weapon Emporium.
   347 | D        | Found Nyamae's Jewellery Boutique.
   389 | D        | Bought a +0 cloak for 54 gold pieces
   400 | D        | Noticed a centaur warrior
   401 | D        | Noticed a centaur warrior
   404 | D        | Killed a centaur warrior
   406 | D        | Killed a centaur warrior
   446 | D        | Noticed an oklob plant
   448 | D        | Killed an oklob plant
   505 | D        | Reached skill level 10 in Short Blades
   605 | D        | Reached XP level 11. HP: 60/60 MP: 12/12
   622 | D        | Reached skill level 15 in Evocations
   723 | D        | Found Roddiakk's Antique Armour Boutique.
   723 | D        | Found Cyluala's Distillery.
   723 | D        | Found Etubly's Weapon Emporium.
   725 | D        | Found Ifrizel's Assorted Antiques.
   725 | D        | Found Geliwieree's Distillery.
   725 | D        | Found Pinki's General Store.
   725 | D        | Found Sexyefad's Weapon Emporium.
   725 | D        | Found Axzemicw's Distillery.
   725 | D        | Found Nomog's Antique Weapon Shoppe.
   725 | D        | Found Lofesing's Jewellery Shop.
   728 | D        | Bought an embroidered robe for 99 gold pieces
   728 | D        | Bought an embroidered robe for 99 gold pieces
   728 | D        | Bought an embroidered cloak for 202 gold pieces
   729 | D        | Found Somuteh's Jewellery Emporium.
   730 | D        | Bought a runed scarf for 192 gold pieces
   730 | D        | Bought a sedimented coppery potion for 21 gold pieces
   730 | D        | Bought a wand of charming (4) for 230 gold pieces
   730 | D        | Bought an embroidered scarf for 192 gold pieces
   730 | D        | Bought a murky brown potion for 21 gold pieces
   730 | D        | Bought a potion of curing for 72 gold pieces
   730 | D        | Found Peuzol's Book Boutique.
   730 | D        | Found Dimitt's Magic Scroll Shoppe.
   731 | D        | Found Gakhock's Distillery.
   732 | D        | Bought a tin of tremorstones (2/2) for 480 gold pieces
   732 | D        | Bought a box of beasts for 480 gold pieces
   787 | D        | Bought a scroll of identify for 24 gold pieces
   787 | D        | Bought a scroll of identify for 24 gold pieces
   787 | D        | Bought a potion of heal wounds for 60 gold pieces
   787 | D        | Bought a scroll of identify for 24 gold pieces
   793 | D        | Bought a scroll of identify for 24 gold pieces
   793 | D        | Bought a scroll of identify for 24 gold pieces
   816 | D        | Bought a potion of resistance for 140 gold pieces
   816 | D        | Bought a potion of curing for 42 gold pieces
   879 | D        | Found a burning altar of Makhleb.
   879 | D        | Found a viscous altar of Jiyva.
   879 | D        | Found a shimmering altar of Xom.
   879 | D        | Found a corrupted altar of Lugonu.
  1026 | D        | Noticed a lindwurm
  1028 | D        | Killed a lindwurm
  1257 | D        | Noticed a 12-headed hydra
  1259 | D        | Killed a 12-headed hydra
  1367 | D        | Bought a potion of haste for 140 gold pieces
  1367 | D        | Bought a potion of degeneration for 14 gold pieces
  1367 | D        | Bought a potion of cancellation for 112 gold pieces
  1367 | D        | Bought a potion of brilliance for 56 gold pieces
  1367 | D        | Bought a potion of haste for 140 gold pieces
  1367 | D        | Bought a potion of heal wounds for 70 gold pieces
  1371 | D        | Bought a potion of heal wounds for 60 gold pieces
  1371 | D        | Bought a potion of curing for 36 gold pieces
  1371 | D        | Bought a potion of heal wounds for 60 gold pieces
  1371 | D        | Bought a potion of curing for 36 gold pieces
  1371 | D        | Bought a potion of lignification for 36 gold pieces
  1371 | D        | Bought a potion of might for 48 gold pieces
  1374 | D        | Bought a potion of heal wounds for 70 gold pieces
  1374 | D        | Bought a potion of curing for 42 gold pieces
  1374 | D        | Bought a potion of curing for 42 gold pieces
  1374 | D        | Bought a potion of flight for 42 gold pieces
  1377 | D        | Bought the amulet "Botuwnes" {Reflect Contam Fly rC+ SH+5}
                  | for 405 gold pieces
  1380 | D        | Bought 2 potions of curing for 66 gold pieces
  1380 | D        | Bought a potion of haste for 110 gold pieces
  1380 | D        | Bought a potion of mutation for 88 gold pieces
  1380 | D        | Bought a potion of resistance for 110 gold pieces
  1380 | D        | Bought a potion of invisibility for 88 gold pieces
  1383 | D        | Bought a scroll of fear for 48 gold pieces
  1383 | D        | Bought a scroll of amnesia for 48 gold pieces
  1383 | D        | Bought a scroll of poison for 48 gold pieces
  1588 | D        | Noticed a shadow dragon
  1588 | D        | Noticed a golden dragon
  1591 | D        | Killed a golden dragon
  1592 | D        | Reached skill level 15 in Dodging
  1592 | D        | Killed a shadow dragon
  1593 | D        | Reached skill level 10 in Fighting
  1593 | D        | Reached XP level 12. HP: 67/67 MP: 13/13
  1656 | D        | Found Geatz's Weapon Shoppe.
  1758 | D        | Noticed a daeva
  2026 | D        | Noticed a fire giant
  2029 | D        | Noticed a fire giant
  2030 | D        | Noticed a fire giant
  2031 | D        | Noticed a fire giant
  2040 | D        | Killed a fire giant
  2041 | D        | Killed from afar by a fire giant

Illustrated notes

Levels and vault maps discovered:
D:        dungeon_sprint_1 [red_sonja_temple_1, red_sonja_temple_small_1]

Skill      XL: |  1  2  3  4  5  6  7  8  9 10 11 12 |
---------------+-------------------------------------+-----
Stealth        | 9 14 18 25 26 27 | 27.0
Fighting       | 4 5 7 10 | 10.4
Short Blades   | 5 7 10 12 13 | 13.3
Dodging        | 7 9 12 15 16 | 16.0
Evocations     | 7 10 14 19 20 | 20.3

Action                     |  1- 3 |  4- 6 |  7- 9 | 10-12 || total
---------------------------+-------+-------+-------+-------++-------
  Melee: Dagger            |     1 |     4 |    55 |   292 ||   352
         Punch             |       |       |       |     5 ||     5
 Invoke: Call Merchant     |       |       |       |     2 ||     2
  Evoke: Wand              |     2 |       |       |    38 ||    40
    Use: Scroll            |       |       |       |     9 ||     9
         Potion            |       |       |       |     9 ||     9
   Stab: Sleeping          |     1 |     4 |     7 |    21 ||    33
         Distracted        |       |       |       |     4 ||     4
 Armour: Robe              |       |       |       |    16 ||    16
  Dodge: Dodged            |       |       |       |   227 ||   227
  Block: Other             |       |       |       |    20 ||    20
